 Dungeon Crawl Stone Soup version 0.22.0-16-gc6d26f6 (webtiles) character file.

37 sking99 the Insei (level 3, -9/23 HPs)
             Began as an Octopode Transmuter on Aug 17, 2018.
             Mangled by Crazy Yiuf
             ... wielding a +3 quarterstaff of chaos
              (11 damage)
             ... on level 2 of the Dungeon.
             The game lasted 00:02:32 (1948 turns).

sking99 the Insei (Octopode Transmuter)             Turns: 1948, Time: 00:02:32

Health: -9/23      AC:  1    Str:  9    XL:     3   Next: 41%
Magic:  0/6        EV: 13    Int: 15    God:
Gold:   62         SH:  0    Dex: 13    Spells: 0/6 levels left

rFire    . . .     SeeInvis .     - Unarmed
rCold    . . .     Gourm    .   (no shield)
rNeg     . . .     Faith    .   (helmet restricted)
rPois    .         Spirit   .   (no amulet)
rElec    .         Reflect  .   (no ring)
rCorr    .         Harm     .   (no ring)
MR       .....                  (no ring)
Stlth    ++........             (no ring)
HPRegen  0.07/turn              (no ring)
MPRegen  0.10/turn              (no ring)
                                (no ring)
                                (no ring)

@: hasted, very quick
A: almost no armour, stealthy swim, amphibious, 8 rings, constrict 8, camouflage
1, gelatinous body 1
a: no special abilities


You were on level 2 of the Dungeon.
You were not hungry.

You visited 1 branch of the dungeon, and saw 2 of its levels.

You collected 62 gold pieces.

Inventory:

Missiles
 a - 34 arrows
Jewellery
 f - an uncursed ring of flight {unknown}
Wands
 g - a wand of iceblast (7)
Scrolls
 d - 6 scrolls of identify {unknown}
 e - a scroll of enchant weapon {unknown}
 i - a scroll of fog {unknown}
Potions
 b - a potion of haste
 h - a potion of curing {unknown}
Comestibles
 c - a ration


   Skills:
 - Level 1.4 Fighting
 - Level 2.0 Dodging
 - Level 3.6 Unarmed Combat
 - Level 2.0 Spellcasting
 + Level 2.8 Transmutations
 + Level 0.0 Poison Magic


You couldn't memorise any spells.
You knew the following spells:

 Your Spells              Type           Power        Failure   Level  Hunger
a - Beastly Appendage     Tmut           ##....       7%          1    #......
b - Sticks to Snakes      Tmut           ##......     11%         2    ###....
c - Spider Form           Tmut/Pois      #.........   36%         3    ###....

Your spell library contained the following spells:

 Spells                   Type           Power        Failure   Level  Hunger
 Blade Hands              Tmut           ##........   88%         5    ######.
 Ice Form                 Ice/Tmut       #.......     77%         4    #####..


Dungeon Overview and Level Annotations

Branches:
Dungeon (2/15)

Altars:
Hepliaklqana

Annotations:
D:2 Crazy Yiuf


Innate Abilities, Weirdness & Mutations

You cannot wear most types of armour.
You are very stealthy in the water. (Stealth+)
You are amphibious.
You can wear up to eight rings at the same time.
You can use your tentacles to constrict eight enemies at once.
Your skin changes colour to match your surroundings (Stealth+).
Your rubbery body absorbs attacks. (AC +1, EV +1)


Message History

You feel your power leaking away.
Your adder bites Crazy Yiuf.
Crazy Yiuf is poisoned.
Your adder poisons Crazy Yiuf!
You tentacle-slap Crazy Yiuf. Your grab misses Crazy Yiuf.
Your squeeze misses Crazy Yiuf.
Crazy Yiuf is moderately wounded.
Crazy Yiuf screams, "Shower!"
Crazy Yiuf closely misses you.
Your adder closely misses Crazy Yiuf.
Okay, then.
It was a potion of haste.
You feel yourself speed up.
Your adder bites Crazy Yiuf.
Crazy Yiuf looks even sicker.
Your adder poisons Crazy Yiuf!
Crazy Yiuf barely misses you.
You barely miss Crazy Yiuf. You grab Crazy Yiuf.
Crazy Yiuf is severely wounded.
You constrict Crazy Yiuf.
Your adder bites Crazy Yiuf.
You tentacle-slap Crazy Yiuf but do no damage.
Crazy Yiuf is almost dead.
You constrict Crazy Yiuf.
Crazy Yiuf hits you with a quarterstaff of chaos!
You die...

##### #####
#).@### ###...##
#..gS.####......#
#...##..#.......#
#########
########.#......#
..>.....#
#######.##
####....#### #.#
# #.......## #.#
# ###......# #.#
### #......# ##.#


You could see Crazy Yiuf and a friendly adder.

Vanquished Creatures
  An ooze (D:2)
  2 dart slugs
  2 leopard geckos (D:1)
  3 goblins (D:1)
  4 hobgoblins
  3 ball pythons
  3 bats (D:2)
  2 frilled lizards (D:1)
  5 kobolds
  3 rats (D:1)
28 creatures vanquished.

Notes
Turn   | Place    | Note
-------+----------+-------------------------------------------
     0 | D:1      | sking99 the Octopode Transmuter began the quest for the Orb.
     0 | D:1      | Reached XP level 1. HP: 13/13 MP: 3/3
    92 | D:1      | Reached XP level 2. HP: 14/18 MP: 5/5
   188 | D:1      | Learned a level 2 spell: Sticks to Snakes
   976 | D:2      | Reached XP level 3. HP: 3/23 MP: 6/6
  1315 | D:2      | Found a hazy altar of Hepliaklqana.
  1659 | D:2      | Found a runed door.
  1735 | D:2      | Learned a level 3 spell: Spider Form
  1938 | D:2      | Noticed Crazy Yiuf
  1948 | D:2      | Mangled by Crazy Yiuf

Action                   || total
-------------------------++-------
Melee: Unarmed           ||    59
       Constrict         ||    14
       Tentacles         ||    11
       Kick              ||     4
       Punch             ||     2
 Cast: Beastly Appendage ||     3
       Sticks to Snakes  ||     4
  Use: Potion            ||     1
 Stab: Sleeping          ||     5
  Eat: Chunk             ||     3
Armor: Skin              ||     2
Dodge: Dodged            ||    25
